 Dungeon Crawl Stone Soup version 0.32-a0-42-ga30500b4d3 (webtiles) character file.

Game seed: 5407529320631891865

452 Ambrosia the Shield-Bearer (level 6, -5/48 HPs)
             Began as a Demonspawn Fighter on Feb 2, 2024.
             Slain by an ogre
             ... wielding a +0 giant club
              (27 damage)
             ... on level 5 of the Dungeon.
             The game lasted 00:04:54 (3202 turns).

Ambrosia the Shield-Bearer (Demonspawn Fighter)     Turns: 3202, Time: 00:04:55

Health: -5/48      AC:  7    Str: 19    XL:     6   Next: 75%
Magic:  6/6        EV:  9    Int:  8    God:
Gold:   183        SH:  5    Dex: 12    Spells: 5/5 levels left

rFire   . . .        a - +0 trident
rCold   . . .        c - +0 buckler
rNeg    . . .        b - +0 scale mail
rPois   .            (no helmet)
rElec   .            (no cloak)
rCorr   .            (no gloves)
SInv    .            (no boots)
Will    .....        (no amulet) Stlth
                     (no ring)
HPRegen 0.28/turn    (no ring)
MPRegen 0.10/turn

%: no passive effects
@: no status effects
A: powered by pain 2, spiny 1, weakness stinger 1
a: no special abilities


You were on level 5 of the Dungeon.
You visited 1 branch of the dungeon, and saw 5 of its levels.

You collected 337 gold pieces.
You spent 154 gold pieces at shops.

Inventory:

Hand Weapons
 a - a +0 trident (weapon)
Armour
 b - a +0 scale mail (worn)
 c - a +0 buckler (worn)
Jewellery
 m - a +5 ring of evasion
   (You found it on level 4 of the Dungeon)
Scrolls
 i - 2 scrolls of teleportation {!r!d, @r3}
 j - 2 scrolls of revelation
Potions
 d - a potion of might
 e - a potion of ambrosia {unknown}
 f - a potion of brilliance {unknown}
 g - a potion of haste {unknown}
 k - a potion of cancellation {unknown}
 l - 3 potions of curing {@q1, !d}


   Skills:
 + Level 4.3 Fighting
 + Level 3.3 Polearms
 + Level 3.9 Armour
 * Level 4.9 Shields


You had 5 spell levels left.
You didn't know any spells.
Your spell library contained the following spells:

 Spells                   Type           Power      Damage    Failure   Level
 Shock                    Conj/Air       0%         1d3       85%         1
 Cigotuvi's Dreadful Rot  Necr/Alch/Air  0%         N/A       94%         2
 Static Discharge         Conj/Air       0%         3-3/arc   94%         2
 Sublimation of Blood     Necr           0%         N/A       94%         2
 Swiftness                Air            0%         N/A       99%         3
 Airstrike                Air            0%         2d(0-16)  100%        4
 Ignite Poison            Fire/Alch      0%         N/A       100%        4
 Petrify                  Alch/Erth      0%         N/A       100%        4
 Summon Lightning Spire   Summ/Air       0%         N/A       100%        4
 Freezing Cloud           Conj/Ice/Air   0%         6-21      100%        5
 Irradiate                Conj/Alch      0%         3d11      100%        5


Dungeon Overview and Level Annotations

Branches:
Dungeon (5/15) Zot: 26630
 Temple: D:4-7

Altars:
Dithmenos
Kikubaaqudgha
Makhleb

Shops:
D:3 !


Innate Abilities, Weirdness & Mutations

You sometimes gain power by taking damage.
You are partially covered in sharp spines.
You have a small tail.


Message History

You hit the gnoll bouda.
Your attacks no longer feel as feeble.
The gnoll bouda closely misses you. The gnoll hits you but does no damage.
You feel much better.
The gnoll hits you from afar with a +0 spear.
You regained 17 hp, and now have 35/48 hp.
Reach: a) +0 trident
Press: ? - help, Dir - move target, f/p - gnoll bouda
Aim: a gnoll bouda, wielding a +0 whip and wearing a +0 robe (lightly wounded, about 37% to evade your +0 trident)
You barely miss the gnoll bouda. The gnoll bouda completely misses you.
The gnoll barely misses you.
Reach: a) +0 trident
Press: ? - help, Dir - move target, f/p - gnoll bouda
Aim: a gnoll bouda, wielding a +0 whip and wearing a +0 robe (lightly wounded, about 37% to evade your +0 trident)
You closely miss the gnoll bouda.
The gnoll bouda is struck by your spines.
The gnoll bouda hits you with a +0 whip.
The gnoll hits you but does no damage. The gnoll bouda misses you.
You take 5 damage, and have 30/48 hp.
You aren't carrying any items that you can evoke.
Unknown command.
Okay, then.
You feel very mighty all of a sudden. The gnoll barely misses you.
The gnoll bouda hits you with a +0 whip!
You take 8 damage, and have 22/48 hp.
Reach: a) +0 trident
Press: ? - help, Dir - move target, f/p - gnoll bouda
Aim: a gnoll bouda, wielding a +0 whip and wearing a +0 robe (moderately wounded, about 37% to evade your +0 trident)
You hit the gnoll bouda. You tail-slap the gnoll bouda.
The gnoll hits you but does no damage. You block the gnoll bouda's attack.
Reach: a) +0 trident
Press: ? - help, Dir - move target, f/p - gnoll bouda
Aim: a gnoll bouda, wielding a +0 whip and wearing a +0 robe (heavily wounded, about 37% to evade your +0 trident)
You closely miss the gnoll bouda. You tail-slap the gnoll bouda!
You kill the gnoll bouda!
The gnoll is no longer moving quickly.
The gnoll hits you but does no damage. The gnoll barely misses you.
Reach: a) +0 trident
Press: ? - help, Dir - move target, f - gnoll
Aim: a gnoll, wielding a +0 spear (about 37% to evade your +0 trident)
You reach to attack!
You hit the gnoll. The gnoll barely misses you.
Reach: a) +0 trident
Press: ? - help, Dir - move target, f/p - gnoll
Aim: a gnoll, wielding a +0 spear (moderately wounded, about 37% to evade your +0 trident)
You reach to attack!
You closely miss the gnoll.
The gnoll hits you from afar with a +0 spear.
You take 5 damage, and have 18/48 hp.
Reach: a) +0 trident
Press: ? - help, Dir - move target, f/p - gnoll
Aim: a gnoll, wielding a +0 spear (moderately wounded, about 37% to evade your +0 trident)
You reach to attack!
You hit the gnoll. The gnoll hits you but does no damage.
Reach: a) +0 trident
Press: ? - help, Dir - move target, f/p - gnoll
Aim: a gnoll, wielding a +0 spear (severely wounded, about 37% to evade your +0 trident)
You reach to attack!
You puncture the gnoll!
You kill the gnoll!
You start resting.
You feel a little less mighty now.
You regained 8 hp, and now have 27/48 hp.
You start resting.
Health restored: 48 No target in view!
Items here: )) [ †.
Things that are here:
13 gold pieces; a +0 spear An orc wizard is nearby!
Things that are here:
13 gold pieces; a +0 spear You now have 183 gold pieces (gained 13).
No target in view!
Found a stone staircase leading down.
No target in view!
The ogre shouts!
You start waiting.
An ogre is nearby!
You hit the ogre but do no damage. You tail-slap the ogre.
The ogre barely misses you.
You hit the ogre. You tail-slap the ogre.
The ogre hits you with a +0 giant club!
A dart slug comes into view.
You take 15 damage, and have 33/48 hp.
MASSIVE DAMAGE!!
You are too injured to fight recklessly!
Reach: a) +0 trident
Press: ? - help, Dir - move target, f - ogre
Aim: an ogre, wielding a +0 giant club (heavily wounded, about 26% to evade your +0 trident)
You hit the ogre. The ogre is struck by your spines.
The ogre hits you with a +0 giant club!
You take 12 damage, and have 21/48 hp.
MASSIVE DAMAGE!!
Reach: a) +0 trident
Press: ? - help, Dir - move target, f/p - ogre
Aim: an ogre, wielding a +0 giant club (almost dead, about 26% to evade your +0 trident)
You barely miss the ogre.
Your tail-slap misses the ogre.
Reach: a) +0 trident
Press: ? - help, Dir - move target, f/p - ogre
Aim: an ogre, wielding a +0 giant club (almost dead, about 26% to evade your +0 trident)
You barely miss the ogre.
The ogre hits you with a +0 giant club!!
Ouch! That really hurt!
You die...

.. ##.......# #..## ##
#.#. ##....#.# #..# ##. #
#.# ##..##..# #!.###..
#.###..###..# #..#..#.
#...### #O.# .#.#...##
##...# #..##.##.##..##
#...###....w......#...
##.....#.....#.#.#.....
###..##.@O..♣♣♣♣+♣♣♣♣....
#....##.###.'.... .'..#.
#.#..##.# ♣.#.. .♣..#.
##..#.... # ♣....
####..#.... ♣ ♣....
###.#.#.###.## .' .'.#..
#....##...##.#g.♣ ♣♣....
#.....##...>..... .o...
#....oo{#o.gg.# ......


You could see an ogre and a dart slug.

Vanquished Creatures
  2 scorpions (D:4)
  2 hounds (D:4)
  A bombardier beetle (D:4)
  A gnoll bouda (D:5)
  2 iguanas (D:4 D:5)
  5 gnolls (D:3 D:5)
  5 adders (D:2 D:3 D:4)
  2 ribbon worms (D:2 D:3)
  A dart slug (D:2)
  4 orcs (D:3 D:4)
  7 ball pythons (D:1 D:2 D:3)
  3 endoplasms (D:1 D:2 D:3)
  3 giant cockroaches (D:3)
  A hobgoblin (D:1)
  7 kobolds (D:1 D:2 D:3 D:4)
  5 quokkas (D:1 D:2)
  4 bats (D:1 D:2)
  3 frilled lizards (D:1 D:2)
  5 goblins (D:1 D:2 D:4)
  7 rats (D:1 D:2)
70 creatures vanquished.

Notes
Turn   | Place    | Note
-------+----------+-------------------------------------------
     0 | D:1      | Ambrosia the Demonspawn Fighter began the quest for the
                  | Orb.
     0 | D:1      | Reached XP level 1. HP: 18/18 MP: 1/1
   315 | D:1      | Gained mutation: You sometimes gain a little power by
                  | taking damage. [demonic ancestry]
   315 | D:1      | Reached XP level 2. HP: 23/24 MP: 2/2
   374 | D:1      | Reached skill level 2 in Polearms
   466 | D:1      | Reached skill level 3 in Shields
   947 | D:2      | Found a faded altar of an unknown god.
   949 | D:2      | Reached skill level 3 in Armour
   949 | D:2      | Gained mutation: You sometimes gain power by taking damage.
                  | [demonic ancestry]
   949 | D:2      | Reached XP level 3. HP: 29/29 MP: 3/3
  1471 | D:3      | Found a burning altar of Makhleb.
  1668 | D:3      | Gained mutation: You are partially covered in sharp spines.
                  | [demonic ancestry]
  1668 | D:3      | Reached XP level 4. HP: 34/35 MP: 4/4
  1862 | D:3      | Found Ilud's Distillery.
  1867 | D:3      | Bought a potion of heal wounds for 70 gold pieces
  1867 | D:3      | Bought 2 potions of curing for 84 gold pieces
  2107 | D:4      | Reached XP level 5. HP: 42/42 MP: 5/5
  2240 | D:4      | Reached skill level 4 in Shields
  2438 | D:4      | Reached skill level 4 in Fighting
  2438 | D:4      | Reached skill level 3 in Polearms
  2438 | D:4      | Gained mutation: You have a small tail. [demonic ancestry]
  2438 | D:4      | Reached XP level 6. HP: 48/48 MP: 6/6
  2485 | D:4      | Found a shadowy altar of Dithmenos.
  2548 | D:4      | Found an ancient bone altar of Kikubaaqudgha.
  2837 | D:5      | Entered Level 5 of the Dungeon
  2887 | D:5      | HP: 20/48 [orc wizard/puff of flame (10)]
  2986 | D:5      | HP: 21/48 [gnoll/+0 spear[a gnoll bouda] (4)]
  2993 | D:5      | HP: 22/48 [gnoll bouda/+0 whip (9)]
  3200 | D:5      | HP: 21/48 [ogre/+0 giant club (12)]
  3202 | D:5      | Slain by an ogre

Illustrated notes

Levels and vault maps discovered:
D:1:      reono_arrival_forest_river, layout_loops_cross,
          corexii_item_surrounded_by_moat
D:2:      layout_basic, ebering_ecumenical_altar_abandoned
D:3:      layout_basic, bloody_makhleb, serial_shops,
          nicolae_shop_just_a_little_nook, minmay_shallow_snake_nest
D:4:      layout_rooms, mainiacjoe_overflow_cross_hatched,
          nicolae_dithmenos_the_darkroom, lemuel_round_altar, minivault_23,
          minmay_distorted
D:5:      layout_layer_cave, vehumet_statue,
          mainiacjoe_overflow_six_doors_small, nicolae_ru_the_path_less_chosen,
          mainiacjoe_overflow_surrounded_room, serial_shops,
          nicolae_shop_back_alley_shop, chequers_mini_garden,
          minmay_misc_feat_doors, kennysheep_another_room

Skill      XL: |  1  2  3  4  5 |
---------------+----------------+-----
Polearms       | 2 3 |  3.3
Shields        | 3 4 |  4.9
Armour         | 3 |  3.9
Fighting       | 4 |  4.3

Action                     |  1- 3 |  4- 6 || total
---------------------------+-------+-------++-------
  Melee: Trident           |   135 |    96 ||   231
         Tailslap          |       |     7 ||     7
    Use: Scroll            |     3 |     4 ||     7
         Potion            |       |     3 ||     3
 Armour: Scale mail        |    66 |    57 ||   123
  Dodge: Dodged            |    46 |    30 ||    76
  Block: Buckler           |    21 |    20 ||    41

Table legend: (Time is in decaauts)
 A = Elapsed time spent in this place.
 B = Non-inter-level travel time spent in this place.
 C = Inter-level travel time spent in this place.
 D = Time resting spent in this place.
 E = Time spent auto-exploring this place.
 F = Levels seen in this place.
 G = Mean time per level.
                   A        B        C        D        E       F      G
               +--------+--------+--------+--------+--------+-----+--------+
         Total |   3260 |   3099 |    161 |    388 |   2220 |   5 |  652.0 |
       Dungeon |   3260 |   3099 |    161 |    388 |   2220 |   5 |  652.0 |
               +--------+--------+--------+--------+--------+-----+--------+

Top non-repeatable levels by time:
     D:4: 771 daAuts
     D:2: 760 daAuts
     D:1: 736 daAuts
     D:3: 623 daAuts
     D:5: 368 daAuts

Levels and vault maps discovered:
D:1:      reono_arrival_forest_river, layout_loops_cross,
          corexii_item_surrounded_by_moat
D:2:      layout_basic, ebering_ecumenical_altar_abandoned
D:3:      layout_basic, bloody_makhleb, serial_shops,
          nicolae_shop_just_a_little_nook, minmay_shallow_snake_nest
D:4:      layout_rooms, mainiacjoe_overflow_cross_hatched,
          nicolae_dithmenos_the_darkroom, lemuel_round_altar, minivault_23,
          minmay_distorted
D:5:      layout_layer_cave, vehumet_statue,
          mainiacjoe_overflow_six_doors_small, nicolae_ru_the_path_less_chosen,
          mainiacjoe_overflow_surrounded_room, serial_shops,
          nicolae_shop_back_alley_shop, chequers_mini_garden,
          minmay_misc_feat_doors, kennysheep_another_room

Table legend: (Time is in decaauts)
 A = Elapsed time spent in this place.
 B = Non-inter-level travel time spent in this place.
 C = Inter-level travel time spent in this place.
 D = Time resting spent in this place.
 E = Time spent auto-exploring this place.
 F = Levels seen in this place.
 G = Mean time per level.
                   A        B        C        D        E       F      G
               +--------+--------+--------+--------+--------+-----+--------+
         Total |   3260 |   3099 |    161 |    388 |   2220 |   5 |  652.0 |
       Dungeon |   3260 |   3099 |    161 |    388 |   2220 |   5 |  652.0 |
               +--------+--------+--------+--------+--------+-----+--------+

Top non-repeatable levels by time:
     D:4: 771 daAuts
     D:2: 760 daAuts
     D:1: 736 daAuts
     D:3: 623 daAuts
     D:5: 368 daAuts

Table legend:
 A = Kills in this place as a percentage of kills in the entire game.
 B = Kills by you in this place as a percentage of kills by you in the entire game.
 C = Kills by friends in this place as a percentage of kills by friends in the entire game.
 D = Other kills in this place as a percentage of other kills in the entire game.
 E = Experience gained in this place as a percentage of experience gained in the entire game.
 F = Experience gained in this place divided by the number of levels of this place that you have seen.
                   A       B       C       D       E      F
               +-------+-------+-------+-------+-------+----------------------
         Total | 100.0 | 100.0 |   N/A |   N/A | 100.0 | 129.2
       Dungeon | 100.0 | 100.0 |   N/A |   N/A | 100.0 | 129.2
               +-------+-------+-------+-------+-------+----------------------
